AoeStats
← Fs.Black_

Arena

507875346Analyzed
4v4 RM · 12d ago on Sep 20, 2026· 44m 12s· 8 players
Game mode
Random Map
Map size
Large (8 player)
Population
200
Speed
Normal
Resources
Standard
Victory
Conquest
Starting age
Dark Age
Ending age
Imperial Age
RankedLock teamsTeams togetherTeam positionsShared explorationLock speedFull tech treeHidden civsTurbo modeCheats
Victory
Defeat
🇵🇪 Teutons · Peru
1673
+17
🇨🇳 Magyars · China
1640
+18
🇨🇳 Britons · China
1549
+22
🇨🇳 Huns · China
1549
+22
🇧🇷 Turks · Brazil
1800
-24
🇧🇷 Georgians · Brazil
1660
-19
🇧🇷 Italians · Brazil
1649
-18
🇧🇷 Portuguese · Brazil
1631
-18
小白
10:54 Feudal Age
12:15 Loom
15:11 Castle Age
14:44 Double-Bit Axe
15:41 Light Cavalry
17:04 Scale Barding Armor
18:09 Horse Collar
20:38 Bow Saw
23:25 Fletching
23:31 Elite Skirmisher
24:41 Bodkin Arrow
25:49 Ballistics
25:55 Padded Archer Armor
26:31 Wheelbarrow
26:59 Heavy Plow
32:58 Imperial Age
31:23 Leather Archer Armor
31:46 Bloodlines
31:28 Gold Mining
33:10 Gold Shaft Mining
33:07 Thumb Ring
34:09 Conscription
34:10 Bracer
35:37 Chemistry
35:47 Ring Archer Armor
35:46 Corvinian Army
36:22 Hand Cart
36:30 Recurve Bow
36:51 Chain Barding Armor
37:12 Husbandry
36:54 Heavy Cavalry Archer
38:45 Parthian Tactics
39:54 Plate Barding Armor
41:59 Two-Man Saw
41:25 Elite Magyar Huszar
42:49 Crop Rotation
43:15 Hoardings
44:19 Siege Engineers
吮指原味鸡
10:17 Feudal Age
11:42 Double-Bit Axe
14:07 Castle Age
12:11 Horse Collar
15:04 Bow Saw
20:10 Wheelbarrow
20:32 Gold Mining
23:17 Hand Cart
23:33 Loom
24:32 Heavy Plow
24:40 Scale Barding Armor
25:47 Chain Barding Armor
25:39 Forging
28:24 Imperial Age
26:05 Town Watch
28:08 Iron Casting
27:52 Marauders
29:02 Husbandry
29:12 Bloodlines
29:27 Conscription
28:31 Elite Tarkan
29:32 Conscription
29:48 Plate Barding Armor
31:05 Gold Shaft Mining
31:43 Blast Furnace
30:10 Pikeman
30:51 Squires
31:29 Scale Mail Armor
31:18 Arson
32:17 Halberdier
33:48 Chain Mail Armor
40:52 Light Cavalry
41:42 Hussar
CopoDeNieve
3:51 Loom
4:32 Loom
8:31 Feudal Age
7:30 Loom
16:43 Fletching
18:46 Town Watch
23:24 Castle Age
21:28 Horse Collar
21:59 Double-Bit Axe
22:57 Padded Archer Armor
24:25 Bow Saw
24:14 Bodkin Arrow
24:29 Elite Skirmisher
26:10 Leather Archer Armor
27:40 Heavy Plow
32:48 Wheelbarrow
32:15 Gold Mining
35:28 Hand Cart
38:42 Imperial Age
40:34 Chemistry
40:05 Ring Archer Armor
40:55 Two-Man Saw
40:39 Ballistics
42:16 Scale Barding Armor
42:21 Forging
43:07 Bloodlines
42:17 Cavalier
43:19 Chain Barding Armor
45:09 Iron Casting
麦辣鸡翅
9:52 Feudal Age
13:52 Castle Age
11:54 Horse Collar
12:34 Double-Bit Axe
15:00 Bow Saw
20:48 Town Watch
20:51 Loom
22:28 Gold Mining
25:15 Wheelbarrow
28:00 Imperial Age
26:12 Fletching
26:23 Padded Archer Armor
27:15 Gold Shaft Mining
26:32 Stone Mining
27:39 Ballistics
27:41 Bodkin Arrow
28:01 Leather Archer Armor
28:04 Masonry
28:43 Hand Cart
29:58 Chemistry
30:38 Conscription
30:55 Bracer
33:22 Ring Archer Armor
32:18 Elite Longbowman
33:18 Yeomen
33:44 Architecture
32:55 Treadmill Crane
32:38 Crossbowman
32:41 Pikeman
34:39 Arbalester
36:49 Hoardings
36:23 Guard Tower
36:52 Arrowslits
37:48 Elite Skirmisher
38:04 Capped Ram
39:49 Keep
40:08 Scale Mail Armor
40:18 Forging
40:42 Warwolf
41:53 Murder Holes
42:04 Siege Engineers
42:50 Caravan
Fs.Nx Imperial
10:09 Feudal Age
14:43 Castle Age
13:17 Double-Bit Axe
14:06 Horse Collar
22:18 Bow Saw
27:43 Imperial Age
25:41 Gold Mining
25:58 Heavy Plow
27:11 Fletching
29:31 Chemistry
28:49 Bodkin Arrow
28:23 Elite Skirmisher
31:41 Bracer
31:42 Padded Archer Armor
35:18 Leather Archer Armor
37:19 Ring Archer Armor
38:04 Ballistics
40:22 Crossbowman
41:39 Thumb Ring
Fs.Neras
10:45 Feudal Age
16:18 Castle Age
15:52 Double-Bit Axe
15:49 Horse Collar
26:45 Wheelbarrow
26:27 Bow Saw
31:48 Imperial Age
30:05 Scale Barding Armor
32:08 Chain Barding Armor
32:43 Bloodlines
32:42 Husbandry
33:53 Plate Barding Armor
37:55 Forging
39:18 Iron Casting
Fs.Black_
10:06 Feudal Age
13:45 Castle Age
11:42 Double-Bit Axe
12:38 Horse Collar
21:04 Bow Saw
21:44 Wheelbarrow
22:54 Heavy Plow
23:48 Gold Mining
27:15 Imperial Age
24:58 Stone Mining
24:57 Loom
26:03 Hand Cart
26:07 Scale Barding Armor
26:12 Forging
27:04 Chain Barding Armor
28:07 Iron Casting
28:37 Bloodlines
28:27 Husbandry
29:10 Plate Barding Armor
28:39 Elite Monaspa
29:54 Aznauri Cavalry
31:10 Blast Furnace
30:43 Fletching
32:28 Chemistry
31:48 Ballistics
32:55 Bodkin Arrow
32:52 Guard Tower
32:47 Arrowslits
34:10 Conscription
34:19 Scale Mail Armor
34:46 Bracer
34:20 Pikeman
34:46 Gambesons
35:02 Squires
35:18 Chain Mail Armor
35:52 Keep
35:27 Svan Towers
39:16 Plate Mail Armor
40:09 Treadmill Crane
42:38 Light Cavalry
Fs.Nicolau Mendes
8:24 Feudal Age
10:07 Fletching
10:32 Double-Bit Axe
10:37 Horse Collar
18:29 Castle Age
19:32 Bow Saw
19:54 Bodkin Arrow
26:31 Wheelbarrow
26:23 Town Watch
30:22 Imperial Age
28:53 Scale Mail Armor
29:04 Forging
30:02 Chain Mail Armor
30:21 Squires
30:58 Iron Casting
30:49 Pikeman
31:54 Conscription
33:30 Plate Mail Armor
36:23 Chemistry
35:25 Bracer
35:26 Padded Archer Armor
38:08 Leather Archer Armor
39:07 Elite Genoese Crossbowman
40:18 Ring Archer Armor
Connection lost

Rejoining the realm…

Still unreachable

The connection could not be restored.

Session expired

The server has moved on; the page needs a fresh start.